 Seeded DCSS version 0.31-a0-484-g30e62f8 (webtiles) character file.

Game seed: 4319415878802364655 (custom seed)

886 PurpleRed the Ruffian (level 8, -7/68 HPs)
             Began as a Ghoul Air Elementalist on Aug 7, 2023.
             Mangled by a gnoll bouda
             ... wielding a +0 war axe of freezing
              (8 damage)
             ... on level 5 of the Dungeon.
             The game lasted 00:12:39 (4675 turns).

PurpleRed the Ruffian (Ghoul Air Elementalist)      Turns: 4675, Time: 00:12:40

Health: -7/68      AC:  7    Str: 14    XL:     8   Next: 5%
Magic:  9/9        EV: 12    Int: 10    God:
Gold:   224        SH:  0    Dex:  9    Spells: 4/10 levels left

rFire   . . .        n - +4 dagger (elec)
rCold   + . .        (no shield)
rNeg    + + +        x - +2 robe {Will+}
rPois   ∞            (no helmet)
rElec   .            r - +0 cloak
rCorr   +            t - +0 pair of gloves
SInv    .            g - +0 pair of boots
Will    +....        (no amulet)
Stlth   ++           e - ring of resist corrosion
HPRegen 0.00/turn    (no ring)
MPRegen 0.11/turn

%: no passive effects
@: about to teleport, inhibited regen
A: claws 1, cold resistance 1, negative energy resistance 3, inhibited
regeneration, torment resistance 2, devour on kill
a: no special abilities


You were on level 5 of the Dungeon.
You visited 1 branch of the dungeon, and saw 5 of its levels.

You collected 224 gold pieces.

Inventory:

Hand Weapons
 i - a +1 long sword of electrocution
 m - a +0 sling
 n - a +4 dagger of electrocution (weapon)
Missiles
 k - 4 poisoned darts
 l - 4 boomerangs
Armour
 a - a +0 robe
 g - a +0 pair of boots (worn)
 h - a +0 leather armour
 j - a +0 ring mail
 r - a +0 cloak (worn)
 t - a +0 pair of gloves (worn)
 x - a +2 robe of willpower (worn)
Jewellery
 e - a ring of resist corrosion (left hand)
 v - a ring of ice
Scrolls
 o - a scroll of poison
 s - a scroll of fog
 u - a scroll of amnesia
Potions
 b - a potion of magic
 c - 2 potions of attraction
 d - a potion of resistance
 f - 3 potions of brilliance
 p - 2 potions of enlightenment
 q - a potion of cancellation


   Skills:
 + Level 5.3 Fighting
 + Level 1.0 Armour
 - Level 1.7 Dodging
 - Level 2.1 Stealth
 * Level 7.6 Unarmed Combat
 - Level 1.7 Spellcasting
 - Level 0.7 Conjurations
 - Level 2.4 Air Magic


You had 4 spell levels left.
You knew the following spells:

 Your Spells              Type           Power      Damage    Failure   Level
a - Shock                 Conj/Air       16%        1d4       17%         1
b - Swiftness             Air            5%         N/A       34%         3
c - Static Discharge      Conj/Air       8%         2-3/arc   26%         2

Your spell library contained the following spells:

 Spells                   Type           Power      Damage    Failure   Level
 Poisonous Vapours        Pois/Air       6%         N/A       30%         2
 Sting                    Tmut/Pois      0%         1d3       32%         1
 Tukima's Dance           Hex            0%         N/A       67%         3
 Airstrike                Air            2%         2d(1-17)  75%         4
 Olgreb's Toxic Radiance  Pois           0%         N/A       97%         4
 Passage of Golubria      Tloc           0%         N/A       97%         4
 Yara's Violent Unravell  Hex/Tmut       0%         3d3       100%        5


Dungeon Overview and Level Annotations

Branches:
Dungeon (5/15)
 Temple: D:4-7

Altars:
Qazlal

Annotations:
D:3 1 runed translucent door, Crazy Yiuf, Pargi


Innate Abilities, Weirdness & Mutations

You are immune to poison.
You have sharp fingernails.
Your flesh is cold resistant. (rC+)
You are immune to negative energy. (rN+++)
You do not regenerate when monsters are visible.
You are immune to unholy pain and torment.
You thrive by killing the living.


Message History

You are too injured to fight recklessly!
You are too injured to fight recklessly!
You are too injured to fight recklessly!
You are too injured to fight recklessly!
You are too injured to fight recklessly!
You hit the phantom.
The phantom is heavily damaged.
The phantom hits you.
The phantom blinks!
You blink.
You completely miss the phantom.
The phantom is heavily damaged.
The gnoll bouda gazes fiercely through you!
You feel your attacks grow feeble.
The gnoll bouda hits you with a +0 war axe of freezing.
The phantom misses you. The phantom attacks as you move away!
The phantom hits you but does no damage.
The gnoll bouda attacks as you move away!
The gnoll bouda hits you with a +0 war axe of freezing.
The phantom attacks as you move away! The phantom closely misses you.
The gnoll bouda attacks as you move away!
The gnoll bouda hits you with a +0 war axe of freezing!
* * * LOW HITPOINT WARNING * * *
The gnoll bouda freezes you.
* * * LOW HITPOINT WARNING * * *
Your attacks no longer feel as feeble.
The gnoll bouda attacks as you move away!
The gnoll bouda hits you with a +0 war axe of freezing.
* * * LOW HITPOINT WARNING * * *
The gnoll bouda attacks as you move away!
The gnoll bouda hits you with a +0 war axe of freezing!
* * * LOW HITPOINT WARNING * * *
The gnoll bouda freezes you.
* * * LOW HITPOINT WARNING * * *
Okay, then.
As you read the scroll labelled MEPNOSO XEWAM, it crumbles to dust.
You feel strangely unstable.
It was a scroll of teleportation.
The gnoll bouda barely misses you.
The gnoll bouda attacks as you move away!
The gnoll bouda hits you with a +0 war axe of freezing!
You die...

###.###.## ... .... .# ##.###.##
#.#########...##..### #.##..
.....#.......#
#.##..#.###.........# #####
#.##.###.......###..##
#...#####.##..#.###...##$....#
#.........##.#@####...#..♣.#.#
#.........#...#g##...(#.♣..#.#
##.#.###..[..###W..####...##.#
#.#.# ####...#.#.##)..####..#
#.#.# ##.#....#..♣.#....## #.#.#
#.####.#.♣..#...## #.#.#
#....#.....##...###. #...#
#####.#...###........
######.######....................


You could see a phantom and a gnoll bouda.

Vanquished Creatures
  An ice beast (D:5)
  2 black bears
  An ogre (D:5)
  A phantom (D:5)
  2 scorpions
  An orc priest (D:4)
  2 gnoll boudas (D:4)
  2 iguanas
  An orc wizard (D:4)
  8 gnolls
  4 adders
  2 worms
  2 dart slugs
  3 orcs (D:4)
  5 ball pythons
  6 endoplasms
  6 giant cockroaches
  3 goblins
  2 hobgoblins
  5 kobolds
  2 quokkas
  7 bats
  4 frilled lizards
  5 rats
77 creatures vanquished.

Notes
Turn   | Place    | Note
-------+----------+-------------------------------------------
     0 | D:1      | PurpleRed the Ghoul Air Elementalist began the quest for
                  | the Orb.
     0 | D:1      | Reached XP level 1. HP: 14/14 MP: 2/2
   120 | D:1      | Reached skill level 1 in Unarmed Combat
   257 | D:1      | Reached XP level 2. HP: 22/22 MP: 3/3
   458 | D:1      | Reached skill level 1 in Fighting
   916 | D:2      | Reached skill level 2 in Unarmed Combat
   980 | D:2      | Reached XP level 3. HP: 28/28 MP: 2/4
  1391 | D:2      | Reached skill level 3 in Unarmed Combat
  1444 | D:2      | Reached XP level 4. HP: 36/36 MP: 5/5
  1571 | D:3      | Found a stormy altar of Qazlal.
  1780 | D:3      | Found a runed translucent door.
  1781 | D:3      | Noticed Crazy Yiuf
  1970 | D:3      | Noticed Pargi
  2727 | D:4      | Reached skill level 4 in Unarmed Combat
  2727 | D:4      | Reached XP level 5. HP: 30/42 MP: 6/6
  2956 | D:4      | Noticed a black bear
  3044 | D:4      | HP: 1/45 [black bear (11)]
  3046 | D:4      | Killed a black bear
  3047 | D:4      | Reached skill level 5 in Unarmed Combat
  3047 | D:4      | Reached XP level 6. HP: 1/51 MP: 3/7
  4006 | D:5      | Entered Level 5 of the Dungeon
  4029 | D:5      | Noticed an ice beast
  4036 | D:5      | Killed an ice beast
  4037 | D:5      | Reached skill level 6 in Unarmed Combat
  4037 | D:5      | Reached XP level 7. HP: 59/59 MP: 8/8
  4286 | D:5      | Reached skill level 7 in Unarmed Combat
  4310 | D:4      | Reached skill level 5 in Fighting
  4593 | D:5      | Reached skill level 1 in Armour
  4593 | D:5      | Reached XP level 8. HP: 58/68 MP: 5/9
  4598 | D:5      | Learned a level 3 spell: Swiftness
  4601 | D:5      | Learned a level 2 spell: Static Discharge
  4673 | D:5      | HP: 2/68 [gnoll bouda/+0 war axe of freezing (9)]
  4675 | D:5      | Mangled by a gnoll bouda

Illustrated notes

Levels and vault maps discovered:
D:1:      amcnicky_arrival_underground_garden, layout_basic
D:2:      layout_rooms, chequers_serial_rivers_micro_e
D:3:      layout_basic, grunt_qazlal_clouds, uniq_crazy_yiuf_cottage, uniq_pargi
D:4:      layout_basic
D:5:      layout_loops_ring, minmay_bent

Skill      XL: |  1  2  3  4  5  6  7 |
---------------+----------------------+-----
Unarmed Combat | 1 2 3 4 5 6 7 |  7.6
Fighting       | 1 2 3 4 5 |  5.3
Armour         | 1 |  1.0
Dodging        | |  1.7
Stealth        | |  2.1
Spellcasting   | |  1.7
Conjurations   | |  0.7
Air Magic      | |  2.4

Action                     |  1- 3 |  4- 6 |  7- 9 || total
---------------------------+-------+-------+-------++-------
  Melee: Unarmed           |    90 |       |    23 ||   113
         Punch             |     1 |     5 |     5 ||    11
         Dagger            |    43 |   121 |    61 ||   225
   Cast: Shock             |     7 |     5 |     5 ||    17
    Use: Scroll            |       |     9 |     1 ||    10
         Potion            |       |     1 |       ||     1
   Stab: Sleeping          |     4 |       |       ||     4
 Armour: Robe              |     5 |       |    13 ||    18
         Ring mail         |    54 |    54 |    23 ||   131
         Leather armour    |    11 |       |       ||    11
  Dodge: Dodged            |    72 |    68 |    60 ||   200

Table legend: (Time is in decaauts)
 A = Elapsed time spent in this place.
 B = Non-inter-level travel time spent in this place.
 C = Inter-level travel time spent in this place.
 D = Time resting spent in this place.
 E = Time spent auto-exploring this place.
 F = Levels seen in this place.
 G = Mean time per level.
                   A        B        C        D        E       F      G
               +--------+--------+--------+--------+--------+-----+--------+
         Total |   4669 |   4426 |    243 |    278 |   2968 |   5 |  933.8 |
       Dungeon |   4669 |   4426 |    243 |    278 |   2968 |   5 |  933.8 |
               +--------+--------+--------+--------+--------+-----+--------+

Top non-repeatable levels by time:
     D:4: 1873 daAuts
     D:1: 884 daAuts
     D:3: 768 daAuts
     D:2: 670 daAuts
     D:5: 473 daAuts
